 Dungeon Crawl Stone Soup version 0.29.1-1-gd02db6906a (webtiles) character file.

Game seed: 8590237571564842037

8 Kold the Charlatan (level 2, 21/21 HPs)
             Began as a Demonspawn Artificer on Oct 19, 2022.
             Quit the game on level 1 of the Dungeon.
             The game lasted 00:00:31 (357 turns).

Kold the Charlatan (Demonspawn Artificer)            Turns: 357, Time: 00:00:32

Health: 21/21      AC:  3    Str: 12    XL:     2   Next: 0%
Magic:  2/2        EV: 11    Int: 12    God:
Gold:   16         SH:  0    Dex: 13    Spells: 1/1 levels left

rFire   . . .      SeeInvis .   a - +0 club
rCold   . . .      Faith    .   (no shield)
rNeg    . . .      Spirit   .   b - +0 leather armour
rPois   .          Reflect  .   (no helmet)
rElec   .          Harm     .   (no cloak)
rCorr   .          Rampage  .   (no gloves)
Will    .....                   (no boots)
Stlth   +.........              (no amulet)
HPRegen 0.07/turn               (no ring)
MPRegen 0.08/turn               (no ring)

@: no status effects
A: powered by pain 1
a: no special abilities


You were on level 1 of the Dungeon.
You visited 1 branch of the dungeon, and saw 1 of its levels.

You collected 16 gold pieces.

Inventory:

Hand Weapons
 a - a +0 club (weapon)
Armour
 b - a +0 leather armour (worn)
Wands
 c - a wand of flame (9) (quivered)
 d - a wand of charming (15)
 e - a wand of iceblast (5)
Scrolls
 g - a scroll of vulnerability {unknown}
Potions
 f - a potion of magic {unknown}


   Skills:
 - Level 1.0 Fighting
 - Level 1.7 Armour
 - Level 0.8 Dodging
 - Level 0.8 Stealth
 + Level 1.4 Unarmed Combat
 - Level 3.0 Evocations


You had one spell level left.
You didn't know any spells.
Your spell library was empty.

Dungeon Overview and Level Annotations

Branches:
Dungeon (1/15)

Altars:


Innate Abilities, Weirdness & Mutations

You sometimes gain a little power by taking damage.


Message History

The puff of flame hits the kobold.
The kobold is moderately wounded.
Unknown command.
Aiming: Throw Flame
Press: ? - help, Shift-Dir - straight line, f/p - kobold
Aim: a kobold, wielding a +0 short sword (moderately wounded, 64% to hit)
The puff of flame hits the kobold.
You kill the kobold!
There is an open door here.
You now have 16 gold pieces.
A rat comes into view.
You see here a scroll labelled SOIMOA TEAHONG.
A rat is nearby!
Aiming: Throw Flame
Press: ? - help, Shift-Dir - straight line, f - rat
Aim: a rat (asleep, 100% to hit)
The puff of flame hits the rat!
You kill the rat!
A frilled lizard comes into view.
Unknown command.
A frilled lizard is nearby!
Aiming: Throw Flame
Press: ? - help, Shift-Dir - straight line, f - frilled lizard
Aim: a frilled lizard (wandering, hasn't noticed you, 53% to hit)
The puff of flame hits the frilled lizard!
You kill the frilled lizard!
Unknown command.
g - a scroll labelled SOIMOA TEAHONG A bat comes into view.
Found a scroll labelled SOIMOA TEAHONG.
A bat is nearby!
Aiming: Throw Flame
Press: ? - help, Shift-Dir - straight line, f - bat
Aim: a bat (57% to hit)
The puff of flame hits the bat.
You kill the bat!
You have reached level 2!
Your demonic ancestry asserts itself...
You feel energised by your suffering.
Are you sure you want to abandon this character and quit the game? (Confirm with "yes".)

....... .......
....... .......
?..†... ...†...
.......####+###
#.@......#
#........#
#........#
#........#
#........#
#........+
#........#####
#######......#+###
#.####.....#


There were no monsters in sight!

Vanquished Creatures
  A bat (D:1)
  An endoplasm (D:1)
  A kobold (D:1)
  2 quokkas (D:1)
  A frilled lizard (D:1)
  A rat (D:1)
7 creatures vanquished.

Notes
Turn   | Place    | Note
-------+----------+-------------------------------------------
     0 | D:1      | Kold the Demonspawn Artificer began the quest for the Orb.
     0 | D:1      | Reached XP level 1. HP: 15/15 MP: 1/1
   324 | D:1      | Reached skill level 1 in Unarmed Combat
   357 | D:1      | Gained mutation: You sometimes gain a little power by
                  | taking damage. [demonic ancestry]
   357 | D:1      | Reached XP level 2. HP: 21/21 MP: 2/2
   357 | D:1      | Quit the game

Illustrated notes

Levels and vault maps discovered:
D:1:      sevenhm_arrival_forest_fort_large_4, layout_basic

Skill      XL: |  1 |
---------------+----+-----
Unarmed Combat | 1 |  1.4
Fighting       | |  1.0
Armour         | |  1.7
Dodging        | |  0.8
Stealth        | |  0.8
Evocations     | |  3.0

Action                   || total
-------------------------++-------
Melee: Club              ||    12
Evoke: Wand              ||     6
Armor: Leather armour    ||     4
Dodge: Dodged            ||     6
